 Dungeon Crawl Stone Soup version 0.31-a0-263-ge8cad7f256 (webtiles) character file.

Game seed: 13476189101790449703

135 lunkers the Insei (level 5, -5/41 HPs)
             Began as a Meteoran Shapeshifter on July 13, 2023.
             Slain by Blork the orc
             ... wielding a +0 dire flail
              (6 damage)
             ... on level 4 of the Dungeon.
             The game lasted 00:03:07 (704 turns).

lunkers the Insei (Meteoran Shapeshifter)            Turns: 704, Time: 00:03:08

Health: -5/41      AC:  2    Str: 16    XL:     5   Next: 70%
Magic:  6/6        EV: 13    Int:  9    God:
Gold:   46         SH:  0    Dex: 17    Spells: 4/4 levels left

rFire   . .          .
                       - Unarmed
rCold   . . .        (no shield)
rNeg    . . .        a - +0 animal skin
rPois   +            (helmet currently unavailable)
rElec   .            (cloak currently unavailable)
rCorr   .            (gloves currently unavailable)
SInv    .            (boots currently unavailable)
Will    .....        (no amulet)
Stlth   +            i - ring of poison resistance
HPRegen 0.26/turn    e - ring of wizardry
MPRegen 0.10/turn

%: wizardry (x1)
@: beast-form, glowing
A: beast (slay +2), sense surroundings 1, otherworldly, glowing, explore regen
a: Begin Untransformation


You were on level 4 of the Dungeon.
You were a hulking beast.
You visited 1 branch of the dungeon, and saw 4 of its levels.

You collected 46 gold pieces.

Inventory:

Armour
 a - a +0 animal skin (worn)
Jewellery
 e - a ring of wizardry (right hand)
 i - a ring of poison resistance (left hand)
Talismans
 c - a beast talisman
Scrolls
 f - a scroll of teleportation
Potions
 b - a potion of lignification
 d - a potion of attraction
 g - a potion of brilliance
 h - a potion of haste
 l - a potion of enlightenment {unknown}


   Skills:
 - Level 2.1 Fighting
 - Level 2.4 Dodging
 + Level 6.3 Unarmed Combat
 - Level 3.6 Shapeshifting


You had 4 spell levels left.
You didn't know any spells.
Your spell library contained the following spells:

 Spells                   Type           Power      Damage    Failure   Level
 Lesser Beckoning         Tloc           0%         N/A       24%         2
 Gell's Gravitas          Tloc           0%         N/A       43%         3
 Teleport Other           Tloc           0%         N/A       43%         3


Dungeon Overview and Level Annotations

Branches:
Dungeon (4/15) Zot: 1703
 Temple: D:4-7

Altars:
Zin

Annotations:
D:4 Blork the orc


Innate Abilities, Weirdness & Mutations

You are a hulking beast.
Your limbs bulge with bestial killing power. (Slay +2)
You passively map a small area around you.
You are easily found by Zot.
You glow in the dark.
You regain HP and MP as you explore.


Message History

The ball python bites you but does no damage.
The ball python misses you.
Blork the orc casts a spell.
Blork the orc seems to speed up.
The ball python attacks as you move away!
The ball python closely misses you. x2
You hit the ball python.
The ball python is severely wounded.
The ball python bites you. The ball python closely misses you.
Blork the orc screams, "I'll break your legs!"
You hit the ball python but do no damage.
The ball python is severely wounded.
The ball python bites you but does no damage.
The ball python grabs you. The ball python constricts you.
Okay, then.
You barely miss the ball python.
The ball python is severely wounded.
Blork the orc miscasts a cantrip.
The ball python bites you. The ball python constricts you.
You punch the ball python!
You kill the ball python!
You hit Blork the orc but do no damage. Blork the orc barely misses you.
You barely miss Blork the orc. Blork the orc completely misses you.
Blork the orc hits you with a +0 dire flail!
* * * LOW HITPOINT WARNING * * *
You hit Blork the orc.
Blork the orc is lightly wounded.
Blork the orc hits you with a +0 dire flail!
* * * LOW HITPOINT WARNING * * *
You barely miss Blork the orc.
Blork the orc is lightly wounded.
Blork the orc hits you with a +0 dire flail.
* * * LOW HITPOINT WARNING * * *
You punch Blork the orc!
Blork the orc is moderately wounded.
Blork the orc casts a spell at you. The puff of frost hits you!
* * * LOW HITPOINT WARNING * * *
Blork the orc hits you with a +0 dire flail.
You die...

, #...†....#...# *
#........#...#
#......###...# *
###+#...###...####
.....###.........# **
..###...###...###...#
# #.........###....
.. * *
...###...###...###. *
......###.oh.<....# ,
,
..###...###...###.,,
#.........###.... *
#.###...###.!.###. *,
*,..###. .., * *...
## ,, , , #... , ,
#.#. , .### ,


You could see Blork the orc (fast).

Vanquished Creatures
  A hound (D:4)
  Jessica (D:3)
  2 gnolls (D:3)
  2 adders
  3 endoplasms
  2 giant cockroaches
  4 goblins
  3 hobgoblins
  5 jackals (D:1)
  A quokka (D:2)
  6 ball pythons
  2 bats (D:3)
  3 frilled lizards (D:2)
  6 kobolds
  4 rats
45 creatures vanquished.

Notes
Turn   | Place    | Note
-------+----------+-------------------------------------------
     0 | D:1      | lunkers the Meteoran Shapeshifter began the quest for the
                  | Orb.
     0 | D:1      | Reached XP level 1. HP: 17/17 MP: 2/2
    28 | D:1      | Reached skill level 3 in Unarmed Combat
    28 | D:1      | Reached XP level 2. HP: 16/24 MP: 3/3
   343 | D:1      | Reached XP level 3. HP: 29/29 MP: 4/4
   369 | D:2      | Reached skill level 4 in Unarmed Combat
   492 | D:3      | Reached XP level 4. HP: 36/36 MP: 5/5
   498 | D:3      | Noticed Jessica
   506 | D:3      | Killed Jessica
   507 | D:3      | Reached skill level 5 in Unarmed Combat
   582 | D:3      | Reached XP level 5. HP: 41/41 MP: 6/6
   607 | D:3      | HP: 1/41 [gnoll/+0 flail (13)]
   660 | D:3      | Found a glowing silver altar of Zin.
   681 | D:4      | Reached skill level 6 in Unarmed Combat
   687 | D:4      | Noticed Blork the orc
   704 | D:4      | HP: 1/41 [Blork the orc/puff of frost (9)]
   704 | D:4      | Slain by Blork the orc

Illustrated notes

Levels and vault maps discovered:
D:1:      dpeg_arrival_tiny_k, layout_basic
D:2:      layout_rooms
D:3:      layout_rooms, mainiacjoe_overflow_alcove_1, lemuel_doored_altar,
          mainiacjoe_overflow_alcove_2, serial_rivers,
          chequers_serial_rivers_large_b, chequers_serial_rivers_room_a,
          chequers_serial_rivers_micro_d, chequers_serial_rivers_small_3,
          chequers_serial_rivers_room_b, chequers_serial_rivers_room_b,
          chequers_serial_rivers_marsh, st_stairs_10, uniq_jessica
D:4:      nicolae_BIG_FREAKIN_CUBE, layout_gridville, mrwooster_statue_mirror,
          hangedman_minor_gate_pass, uniq_blork_the_orc, uniq_natasha,
          uniq_menkaure

Skill      XL: |  1  2  3  4  5 |
---------------+----------------+-----
Unarmed Combat | 3 4 5 6 |  6.3
Fighting       | |  2.1
Dodging        | |  2.4
Shapeshifting  | |  3.6

Action                     |  1- 3 |  4- 6 || total
---------------------------+-------+-------++-------
  Melee: Unarmed           |    65 |    47 ||   112
         Punch             |     2 |     3 ||     5
    Use: Scroll            |     4 |     2 ||     6
 Armour: Animal skin       |     6 |     4 ||    10
  Dodge: Dodged            |    24 |    25 ||    49

Table legend: (Time is in decaauts)
 A = Elapsed time spent in this place.
 B = Non-inter-level travel time spent in this place.
 C = Inter-level travel time spent in this place.
 D = Time resting spent in this place.
 E = Time spent auto-exploring this place.
 F = Levels seen in this place.
 G = Mean time per level.
                   A        B        C        D        E       F      G
               +--------+--------+--------+--------+--------+-----+--------+
         Total |    696 |    696 |      0 |      0 |    361 |   4 |  174.0 |
       Dungeon |    696 |    696 |      0 |      0 |    361 |   4 |  174.0 |
               +--------+--------+--------+--------+--------+-----+--------+

Top non-repeatable levels by time:
     D:1: 351 daAuts
     D:2: 158 daAuts
     D:3: 147 daAuts
     D:4: 38 daAuts
